 Dungeon Crawl Stone Soup version 0.21-a0-111-g52d2817 (webtiles) character file.

165001 sscrono2 the Peltast (level 17, -5/117 HPs)
             Began as an Octopode Assassin on July 11, 2017.
             Was the Champion of Ru.
             Killed from afar by a shock serpent (12 damage)
             ... with an electric aura
             ... on level 4 of the Snake Pit.
             The game lasted 01:45:09 (38182 turns).

sscrono2 the Peltast (Octopode Assassin)           Turns: 38182, Time: 01:45:09

Health: -5/117     AC:  2    Str: 16    XL:     17   Next: 87%
Magic:  24/29      EV: 21    Int: 15    God:    Ru [******]
Gold:   997        SH: 22    Dex: 13    Spells: 6/23 levels left

rFire    + + .     SeeInvis .   b - +9 demon blade (freeze)
rCold    + . .     Gourm    .   F - +4 large shield {AC+3}
rNeg     . . .     Faith    .   (helmet restricted)
rPois    +         Spirit   .   R - amulet of the Air {Inacc +Fly rElec EV+5 RMsl}
rElec    +         Reflect  .   G - ring of magical power
rCorr    .         Harm     .   s - +5 ring of slaying
MR       ++...                  H - +2 ring of evasion
Stlth    ++++++....             m - ring of protection from cold
HPRegen  0.00/turn              q - ring of protection from fire
MPRegen  0.21/turn              S - ring of protection from fire
                                J - ring of protection from magic
                                T - ring of protection from magic

@: lethally poisoned (-5 -> -12), exhausted, about to teleport, very slightly
contaminated, constricted, heavily drained, repel missiles
A: almost no armour, stealthy swim, amphibious, 8 rings, constrict 8, tentacle
spike 1, slimy green scales 1, camouflage 1, low mp 1, sense surroundings 1,
poison resistance, shaggy fur 1, inhibited regeneration, gelatinous body 1,
inability to use devices, hated by all, reduced AC 1, magic vulnerability 1
a: Draw Out Power, Power Leap, Apocalypse, Renounce Religion


You were on level 4 of the Snake Pit.
You worshipped Ru.
Ru was exalted by your worship.
You were not hungry.

You visited 5 branches of the dungeon, and saw 28 of its levels.
You also visited: Labyrinth and Ice Cave.

You collected 2667 gold pieces.
You spent 1670 gold pieces at shops.

Inventory:

Hand Weapons
 a - a +4 dagger of venom
 b - a +9 demon blade of freezing (weapon)
 j - a +0 blowgun
Missiles
 c - 39 poisoned needles
 d - 4 curare-tipped needles
Armour
 B - a +1 shield
 F - a +4 large shield of protection (worn)
Jewellery
 m - a ring of protection from cold (on tentacle)
 q - a ring of protection from fire (on tentacle)
 s - a +5 ring of slaying (right tentacle)
 u - an uncursed ring of positive energy
 w - an uncursed ring of see invisible
 E - an uncursed ring of resist corrosion
 G - a ring of magical power (left tentacle)
 H - a +2 ring of evasion (on tentacle)
 J - a ring of protection from magic (on tentacle)
 P - a +3 amulet of reflection
 R - the amulet of the Air (around mantle) {Inacc +Fly rElec EV+5 RMsl}
   (You found it on level 13 of the Dungeon)

   [amulet of inaccuracy]

   It reduces the accuracy of all your attacks.
   It affects your evasion (+5).
   It insulates you from electricity.
   It lets you fly.
   It protects you from missiles.
 S - a ring of protection from fire (on tentacle)
 T - a ring of protection from magic (on tentacle)
Scrolls
 e - 7 scrolls of teleportation
 r - 4 scrolls of enchant weapon
 t - 14 scrolls of remove curse
 v - 3 scrolls of immolation
 x - a scroll of holy word
 y - 2 scrolls of magic mapping
 C - 5 scrolls of fog
 I - 3 scrolls of amnesia
 L - 2 scrolls of silence
 N - a scroll of blinking
 Q - 6 scrolls of identify
 Z - 2 scrolls of torment
Potions
 h - 9 potions of flight
 i - 4 potions of brilliance
 k - 3 potions of curing
 p - 3 potions of ambrosia
 A - a potion of magic
 K - 6 potions of mutation
 Y - 2 potions of resistance
Books
 n - a book of Burglary

   Spells                             Type                      Level
   a - Swiftness                      Charms/Air                   2
   b - Passwall                       Transmutation/Earth          2
   c - Passage of Golubria            Translocation                4
   d - Lee's Rapid Deconstruction     Earth                        5
   e - Darkness                       Hexes                        6
   f - Invisibility                   Hexes                        6
 z - a book of the Sky

   Spells                             Type                      Level
   a - Summon Lightning Spire         Summoning/Air                4
   b - Silence                        Hexes/Air                    5
   c - Deflect Missiles               Charms/Air                   6
   d - Conjure Ball Lightning         Conjuration/Air              6
   e - Tornado                        Air                          9
 V - Yfulezen's Lost Handbook of the Deep Elf Lorekeeper
   (You found it on level 2 of the Lair of Beasts)

   Spells                             Type                      Level
   a - Ignition                       Fire                         8
   b - Controlled Blink               Translocation                8
Comestibles
 f - 5 chunks of flesh
 l - 16 fruits
 D - 12 meat rations
 O - 25 royal jellies


   Skills:
 - Level 11.4(9.9) Fighting
 - Level 8.0(10.1) Short Blades
 - Level 13.2(12.4) Long Blades
 - Level 2.0(0.8) Throwing
 + Level 11.5(10.0) Dodging
 - Level 14.1(12.6) Stealth
 * Level 15.4(13.8) Shields
 * Level 3.5(2.3) Spellcasting
 - Level 4.9(3.6) Conjurations
 * Level 6.5(5.2) Hexes
 * Level 11.0(9.5) Translocations


You had 6 spell levels left.
You knew the following spells:

 Your Spells              Type           Power        Failure   Level  Hunger
a - Apportation           Tloc           ####..       1%          1    #......
b - Dazzling Spray        Conj/Hex       ###...       41%         3    ###....
c - Controlled Blink      Tloc           N/A          100%        8    #######
d - Silence               Hex/Air        #.........   100%        5    ######.


Dungeon Overview and Level Annotations

Branches:
Dungeon (15/15)            Temple (1/1) D:6            Lair (6/6) D:8
 Shoals (0/4) Lair:3        Snake (4/4) Lair:3        Slime (0/5) Lair:6
    Orc (2/2) D:9             Elf (0/3) Orc:2        Vaults (0/5) D:14
 Depths (0/5) D:15

Altars:
Ashenzari
Cheibriados
Dithmenos
Elyvilon
Fedhas
Gozag
Hepliaklqana
Kikubaaqudgha
Makhleb
Nemelex Xobeh
Okawaru
Qazlal
Ru
Sif Muna
Trog
Uskayaw
Vehumet
Wu Jian
Xom
Yredelemnul
Zin
The Shining One
Beogh
Jiyva

Shops:
D:6 =   D:8 (   D:15 }   Orc:1 !   Orc:2 *(%}   Snake:1 !}%

Annotations:
D:3 Grinder
D:10 NOFUNALLOWED's ghost, novice CeCK
Lair:6 1 runed door


Innate Abilities, Weirdness & Mutations

You cannot wear most types of armour.
You are very stealthy in the water. (Stealth+)
You are amphibious.
You can wear up to eight rings at the same time.
You can use your tentacles to constrict eight enemies at once.
Your skin changes colour to match your surroundings (Stealth+).
Your magical capacity is low. (-10% MP)
Your rubbery body absorbs attacks. (AC +1, EV +1)
You cannot study or use magical devices.
You are hated by all.
You take slightly more damage. (AC -5)
You are slightly vulnerable to magic. (MR-)
One of your tentacles bears a spike.
You are partially covered in slimy green scales. (AC +2)
You passively map a small area around you.
Your system is resistant to poisons. (rPois)
You are covered in fur. (AC +1)
You do not regenerate when monsters are visible.


Message History

The anaconda closely misses the nagaraja.
The anaconda bites the nagaraja!
You block the guardian serpent's attack.
The guardian serpent hits you!!
* * * LOW HITPOINT WARNING * * *
You focus your will and blind the guardian serpent in retribution!
You block the naga's attack. The naga grabs you.
* * * LOW HITPOINT WARNING * * *
The naga constricts you.
You focus your will and slow the naga in retribution!
You block the guardian serpent's attack.
The nagaraja hits you with a spear!
* * * LOW HITPOINT WARNING * * *
The shock serpent completely misses you.
You riposte.
You slice the shock serpent!!
The shock serpent seems to slow down.
You freeze the shock serpent. You grab the shock serpent.
You pierce the shock serpent!
The shock serpent is severely wounded.
The shock serpent's electric aura discharges violently, shocking you!
You die...

⌠ ⌠ #### #.....8..N8 #...
........####.#......S...
#...
,............#.....8S..8,
,#...
...........#...⌠...... ⌠
#...
#..........#.N...8...8
#...
###..........#..S..S....
, #...
.##..........#.SSN.8...8
,, #...
.##..........##S@S.NN.N.
⌠ ###.
.##...).......#NSN.8...8
##
.##..)).......##N..S....
###
.##..).).......#..N..⌠..
,#..###
.##............##....§..
,##...## # #............#
##.....###...... #
##...........#
#.N.##........ ##
##..........# ,
,.N.N#........
.###..........## ,,
#.......#


You could see 6 nagarajas, a naga sharpshooter, 2 anacondas, 2 naga ritualists,
a shock serpent, a mana viper, 4 guardian serpents, 2 black mambas and 4 nagas.

Vanquished Creatures
  Bai Suzhen (Snake:3)
  Vashnia (Snake:2)
  Saint Roka (Orc:2)
  A nagaraja (Snake:3)
  A frost giant (IceCv)
  Aizul (Snake:4)
  Nessos (Lair:4)
  2 dire elephants
  Josephine (Orc:1)
  A fire dragon (Lair:2)
  10 naga warriors
  A minotaur (Lab)
  8 hydras
  An ogre mage (D:14)
  A vault guard (D:14)
  3 catoblepae
  7 anacondas
  A death knight (D:13)
  6 centaur warriors
  3 two-headed ogres
  9 death yaks
  A deep troll shaman (Lair:6)
  The ghost of mandarbmax the Spear-Bearer, a novice MfIE of Ru (D:8)
  Sonja (D:10)
  16 naga sharpshooters
  2 shock serpents
  A salamander mystic (Snake:3)
  3 unseen horrors
  6 sea snakes (Snake:4)
  A wizard (D:15)
  3 naga ritualists
  7 orc knights
  9 mana vipers
  2 orc sorcerers
  An oklob plant (Lair:2)
  5 ugly things (D:15)
  2 deep elf magi (D:15)
  A wolf spider (D:15)
  7 salamanders
  8 cyclopes
  A manticore (D:14)
  4 elephants (Lair:6)
  Psyche (D:11)
  7 guardian serpents
  22 black mambas
  An ice statue (IceCv)
  A gargoyle (D:10)
  10 naga magi
  9 spiny frogs
  A rime drake (shapeshifter) (D:15)
  A spiny frog (shapeshifter) (D:14)
  8 rime drakes
  A freezing wraith (D:15)
  2 kobold demonologists (D:11)
  4 komodo dragons
  13 polar bears
  3 meliai (Lair:4)
  A queen bee (Lair:4)
  3 hornets (D:8)
  10 slime creatures
  5 trolls
  14 hippogriffs
  25 blink frogs
  3 shadows
  4 wraiths
  A vampire (D:10)
  6 wyverns
  64 yaks
  A basilisk (Lair:5)
  4 vampire mosquitoes (D:14)
  7 water moccasins
  7 wargs
  32 nagas
  An acid dragon (D:13)
  A soldier ant (shapeshifter) (D:13)
  A soldier ant (D:8)
  Duvessa (D:7)
  12 porcupines
  A hornet zombie (D:13)
  8 ice beasts
  52 orc warriors
  2 eyes of draining
  2 necrophages
  3 sky beasts
  3 black bears
  4 phantoms
  43 wolves
  16 ogres
  23 centaurs
  5 big kobolds
  21 bullfrogs
  4 crocodiles
  Blork the orc (D:9)
  Dowan (D:7)
  A wyvern skeleton (D:11)
  2 scorpions
  33 killer bees
  11 wights
  6 howler monkeys
  2 electric eels
  11 crimson imps
  A lava snake (Lair:2)
  19 orc priests
  6 centaur zombies
  12 hounds
  2 jellies
  6 iguanas
  4 bullfrog skeletons
  6 centaur skeletons
  9 worker ants
  26 orc wizards
  A hound zombie (D:11)
  A howler monkey skeleton (D:12)
  10 adders
  3 shadow imps
  4 oozes
  An adder zombie (D:6)
  An adder skeleton (D:6)
  5 worms
  5 dart slugs
  4 leopard geckos
  94 orcs
  3 ball pythons
  2 giant cockroaches
  16 goblins
  12 hobgoblins
  8 jackals
  5 quokkas
  A ball python skeleton (D:3)
  6 bats
  4 frilled lizards
  16 kobolds
  2 quokka skeletons
  2 quokka zombies
  8 rats
  A bush (Lair:2)
  A plant (Lair:6)
992 creatures vanquished.

Vanquished Creatures (others)
  A centaur warrior (D:14)
  2 shock serpents
  A black mamba (Snake:2)
  A naga mage (Snake:2)
  A naga (Snake:2)
  An ogre (Orc:1)
  An orc warrior (Orc:1)
  4 orcs
  19 fungi
  11 plants
42 creatures vanquished.

Grand Total: 1034 creatures vanquished

Notes
Turn   | Place    | Note
-------+----------+-------------------------------------------
     0 | D:1      | sscrono2 the Octopode Assassin began the quest for the Orb.
     0 | D:1      | Reached XP level 1. HP: 14/14 MP: 1/1
    36 | D:1      | Reached XP level 2. HP: 10/19 MP: 2/2
   761 | D:1      | Reached XP level 3. HP: 24/24 MP: 3/3
  1389 | D:2      | Reached XP level 4. HP: 21/29 MP: 4/4
  1827 | D:3      | Found an opulent altar of Gozag.
  1868 | D:3      | Noticed Grinder
  1911 | D:3      | Reached skill level 5 in Short Blades
  1911 | D:3      | Reached XP level 5. HP: 26/34 MP: 5/5
  2621 | D:4      | Reached XP level 6. HP: 30/39 MP: 6/6
  2974 | D:4      | Reached XP level 7. HP: 31/45 MP: 7/7
  3138 | D:5      | Entered Level 5 of the Dungeon
  3383 | D:5      | Reached skill level 1 in Shields
  3453 | D:5      | Noticed a hippogriff
  3457 | D:5      | Killed a hippogriff
  3457 | D:5      | Reached skill level 2 in Shields
  3457 | D:5      | Reached XP level 8. HP: 51/51 MP: 8/8
  3491 | D:5      | Found a shadowy altar of Dithmenos.
  3670 | D:5      | Reached skill level 3 in Shields
  4009 | D:6      | Found a hazy altar of Hepliaklqana.
  4170 | D:6      | Found an iron altar of Okawaru.
  4433 | D:6      | Found Evuheaje's Jewellery Boutique.
  4457 | D:6      | Found a staircase to the Ecumenical Temple.
  4518 | Temple   | Entered the Ecumenical Temple
  4557 | Temple   | Became a worshipper of Ru the Awakened
  4741 | D:6      | Reached skill level 4 in Shields
  4894 | D:6      | You fall through a shaft for 2 floors!
  4948 | D:8      | Found a staircase to the Lair.
  5021 | D:8      | Noticed mandarbmax's ghost (novice MfIE)
  5116 | D:7      | Reached skill level 5 in Shields
  5116 | D:7      | Reached XP level 9. HP: 54/58 MP: 9/9
  5244 | D:7      | Noticed Dowan
  5249 | D:7      | Noticed Duvessa
  5261 | D:7      | Killed Duvessa
  5264 | D:7      | Killed Dowan
  5277 | D:7      | Gained mutation: You are dopey. (Int -2) [mutagenic meat]
  5279 | D:7      | Gained mutation: Your spells are a little harder to cast, but a little more powerful. [mutagenic meat]
  5280 | D:7      | Gained mutation: Your muscles are strong. (Str +2) [mutagenic meat]
  5282 | D:7      | Gained mutation: Your system is resistant to poisons. (rPois) [mutagenic meat]
  5894 | D:7      | Reached skill level 6 in Shields
  6017 | D:7      | Found an ornate altar of the Wu Jian Council.
  6022 | D:7      | Gained mutation: Your magical capacity is low. (-10% MP) [Ru sacrifice]
  6434 | D:8      | Found Beuptahaat's Antique Weapon Shop.
  6453 | D:8      | Found a glowing silver altar of Zin.
  6524 | D:8      | Noticed a hornet
  6524 | D:8      | Noticed a hornet
  6525 | D:8      | Killed a hornet
  6526 | D:8      | Killed a hornet
  6526 | D:8      | Reached skill level 5 in Fighting
  6526 | D:8      | Reached skill level 5 in Dodging
  6527 | D:8      | Noticed a hornet
  6529 | D:8      | Killed a hornet
  6529 | D:8      | Reached skill level 7 in Shields
  6535 | D:8      | Reached XP level 10. HP: 53/66 MP: 9/9
  7211 | D:8      | Lost mutation: Your spells are a little harder to cast, but a little more powerful. [potion of mutation]
  7211 | D:8      | Lost mutation: Your muscles are strong. (Str +2) [potion of mutation]
  7211 | D:8      | Gained mutation: One of your tentacles bears a spike. [potion of mutation]
  7211 | D:8      | Gained mutation: You are agile. (Dex +2) [potion of mutation]
  7212 | D:8      | Lost mutation: You are dopey. (Int -2) [potion of mutation]
  7212 | D:8      | Lost mutation: You are agile. (Dex +2) [potion of mutation]
  7212 | D:8      | Gained mutation: You passively map a small area around you. [potion of mutation]
  7212 | D:8      | Gained mutation: You are covered in fur. (AC +1) [potion of mutation]
  7212 | D:8      | Gained mutation: You do not regenerate when monsters are visible. [potion of mutation]
  7212 | D:8      | Gained mutation: You are partially covered in slimy green scales. (AC +2) [potion of mutation]
  7517 | D:8      | Killed mandarbmax's ghost
  7517 | D:8      | Reached skill level 8 in Shields
  7860 | D:9      | Noticed Blork the orc
  7865 | D:9      | Noticed Eustachio
  7885 | D:9      | Noticed Eustachio
  7885 | D:9      | Eustachio changed into Eustachio the worm
  7888 | D:9      | Killed Eustachio the worm
  7916 | D:9      | Killed Blork the orc
  7967 | D:9      | Reached skill level 10 in Stealth
  8458 | D:9      | Reached skill level 1 in Long Blades
  8478 | D:9      | Found a radiant altar of Vehumet.
  8603 | D:9      | Found a staircase to the Orcish Mines.
  8880 | D:9      | Found a white marble altar of Elyvilon.
  8884 | D:9      | Found a shattered altar of Ashenzari.
  8889 | D:9      | Found a deep blue altar of Sif Muna.
  8905 | D:10     | Entered Level 10 of the Dungeon
  9520 | D:10     | Noticed Sonja
  9542 | D:10     | Killed Sonja
  9542 | D:10     | Reached skill level 9 in Shields
  9542 | D:10     | Reached XP level 11. HP: 65/74 MP: 9/9
 10265 | D:9      | Learned a level 1 spell: Apportation
 10371 | D:6      | Bought an uncursed ring of see invisible for 150 gold pieces
 10371 | D:6      | Bought an uncursed ring of protection from fire for 250 gold pieces
 10485 | D:10     | Noticed NOFUNALLOWED's ghost (novice CeCK)
 10524 | D:10     | Paralysed by NOFUNALLOWED's ghost for 6 turns
 10889 | D:10     | Noticed an unseen horror
 10898 | D:10     | Killed an unseen horror
 11599 | D:11     | Noticed a two-headed ogre
 11833 | D:11     | Killed a two-headed ogre
 11833 | D:11     | Reached skill level 5 in Long Blades
 11835 | D:11     | Noticed a five-headed hydra
 11837 | D:11     | Reached skill level 10 in Shields
 11844 | D:11     | Killed a five-headed hydra
 11903 | D:11     | Noticed a death knight
 12231 | D:11     | Reached XP level 12. HP: 58/81 MP: 10/10
 12741 | D:11     | Noticed Psyche
 12744 | D:11     | Killed Psyche
 13122 | D:12     | Noticed a two-headed ogre
 13129 | D:12     | Killed a two-headed ogre
 13963 | Lair:1   | Entered Level 1 of the Lair of Beasts
 13968 | Lair:1   | Learned a level 3 spell: Dazzling Spray
 14007 | Lair:1   | Reached skill level 11 in Shields
 14031 | Lair:1   | Reached skill level 1 in Conjurations
 14193 | Lair:1   | Reached skill level 1 in Hexes
 14921 | Lair:1   | Identified a scroll of acquirement
 14925 | Lair:1   | Got a dazzling hat
 14931 | Lair:1   | Identified the -2 hat of the Journeyman {rCorr Str-4 Dex+4} (You acquired it on level 1 of the Lair of Beasts)
 15445 | Lair:2   | Reached XP level 13. HP: 78/89 MP: 11/11
 15491 | Lair:2   | Found a frozen archway.
 15548 | IceCv    | Entered an ice cave
 17148 | IceCv    | Noticed a frost giant
 17194 | IceCv    | HP: 3/90 [frost giant/battleaxe of freezing (7)]
 17900 | IceCv    | Killed a frost giant
 17993 | Lair:2   | Reached skill level 12 in Shields
 18040 | Lair:2   | Reached skill level 5 in Hexes
 18119 | Lair:2   | Noticed a fire dragon
 18171 | Lair:2   | Killed a fire dragon
 19027 | Lair:2   | Identified Yfulezen's Lost Handbook of the Deep Elf Lorekeeper
 19037 | Lair:2   | Got a faintly glowing quarterstaff
 19049 | Lair:2   | Learned a level 8 spell: Controlled Blink
 19443 | Lair:3   | Reached XP level 14. HP: 97/97 MP: 12/12
 19451 | Lair:3   | Reached skill level 1 in Translocations
 19820 | Lair:3   | Found a staircase to the Snake Pit.
 19939 | Lair:3   | Found a staircase to the Shoals.
 20398 | Lair:4   | Noticed Nessos
 20689 | Lair:4   | You fall through a shaft for 2 floors!
 20689 | Lair:6   | Entered Level 6 of the Lair of Beasts
 21185 | Lair:4   | Killed Nessos
 21602 | Lair:5   | Gained mutation: You are slightly vulnerable to magic. (MR-) [Ru sacrifice]
 21602 | Lair:5   | Reached * piety under Ru
 21826 | D:6      | Bought an uncursed ring of protection from magic for 250 gold pieces
 21826 | D:6      | Bought a +3 amulet of reflection for 157 gold pieces
 21826 | D:6      | Bought an uncursed amulet of harm for 300 gold pieces
 22720 | Lair:6   | Found a runed door.
 22933 | Lair:6   | Found a viscous altar of Jiyva.
 22934 | Lair:6   | Noticed an acid blob
 22940 | Lair:6   | Found a staircase to the Slime Pits.
 23106 | Lair:6   | Reached skill level 10 in Long Blades
 23131 | Lair:6   | Reached skill level 5 in Translocations
 23149 | Lair:6   | Reached skill level 13 in Shields
 23157 | Lair:6   | Noticed a dire elephant
 23188 | Lair:6   | Killed a dire elephant
 23477 | Lair:6   | Reached XP level 15. HP: 103/103 MP: 13/13
 23724 | Lair:6   | Reached skill level 10 in Fighting
 24921 | D:13     | Reached skill level 10 in Dodging
 25402 | D:13     | Gained mutation: You take slightly more damage. (AC -5) [Ru sacrifice]
 25402 | D:13     | Reached ** piety under Ru
 25402 | D:13     | Reached *** piety under Ru
 25432 | D:13     | Found a shimmering altar of Xom.
 26971 | D:14     | Found a gate to the Vaults.
 27757 | D:15     | Entered Level 15 of the Dungeon
 27790 | D:15     | Found Dasihy's Gadget Shop.
 27865 | D:15     | Found a labyrinth entrance.
 27875 | D:15     | Found a sparkling altar of Nemelex Xobeh.
 27879 | Lab      | Entered a labyrinth
 28148 | Lab      | Gained mutation: You cannot study or use magical devices. [Ru sacrifice]
 28148 | Lab      | Reached **** piety under Ru
 28148 | Lab      | Reached ***** piety under Ru
 28369 | D:15     | Found a staircase to the Depths.
 29074 | D:15     | Reached XP level 16. HP: 104/111 MP: 14/14
 29137 | D:15     | Reached skill level 14 in Shields
 29542 | Orc:1    | Entered Level 1 of the Orcish Mines
 29542 | Orc:1    | Found Daoff's Distillery.
 29570 | Orc:1    | Bought a potion of heal wounds for 85 gold pieces
 29570 | Orc:1    | Bought a potion of might for 68 gold pieces
 29742 | Orc:1    | Noticed Josephine
 29752 | Orc:1    | Killed Josephine
 30074 | Orc:1    | Bought a potion of haste for 170 gold pieces
 30386 | Orc:2    | Entered Level 2 of the Orcish Mines
 30417 | Orc:2    | Noticed Saint Roka
 31033 | Orc:2    | Killed Saint Roka
 31239 | Orc:2    | Found Ehyesedime's Food Shoppe.
 31239 | Orc:2    | Found Wimar's Gadget Boutique.
 31394 | Orc:2    | Found Ygroemoq's Antique Weapon Boutique.
 31414 | Orc:2    | Gained mutation: You are hated by all. [Ru sacrifice]
 31414 | Orc:2    | Reached ****** piety under Ru
 31605 | Orc:2    | Found Deraud's General Store.
 31635 | Orc:2    | Bought a cursed amulet of inaccuracy for 30 gold pieces
 31766 | Orc:2    | Found a roughly hewn altar of Beogh.
 31840 | Orc:2    | Found a staircase to the Elven Halls.
 32301 | Snake:1  | Entered Level 1 of the Snake Pit
 32970 | Snake:1  | Found Lesk's Food Emporium.
 32972 | Snake:1  | Found Bommorog's Gadget Shoppe.
 32974 | Snake:1  | Found Potil's Distillery.
 32996 | Snake:1  | Bought a potion of heal wounds for 70 gold pieces
 32996 | Snake:1  | Bought a potion of haste for 140 gold pieces
 33619 | Snake:2  | Found an ancient bone altar of Kikubaaqudgha.
 34772 | Snake:2  | Noticed Vashnia
 34777 | Snake:2  | Reached XP level 17. HP: 117/117 MP: 15/15
 34800 | Snake:2  | Killed Vashnia
 34800 | Snake:2  | Reached skill level 10 in Translocations
 35753 | Snake:3  | Reached skill level 15 in Shields
 35910 | Snake:3  | Noticed Bai Suzhen
 35926 | Snake:3  | Killed Bai Suzhen
 36455 | Snake:3  | Upgraded the game from 0.21-a0-110-g8e1637b to 0.21-a0-111-g52d2817
 36665 | Snake:3  | Reached skill level 1 in Spellcasting
 36956 | Snake:4  | Entered Level 4 of the Snake Pit
 37368 | Snake:4  | Learned a level 5 spell: Silence
 37849 | Snake:4  | Noticed Aizul
 37880 | Snake:4  | Killed Aizul
 38182 | Snake:4  | Killed from afar by a shock serpent

Vault maps used:
D:1:      minmay_arrival_plants_in_alcoves, minmay_quantized
D:3:      serial_undead, serial_undead_e, serial_undead_e, serial_undead_a,
          serial_undead_b, first_bread, nicolae_gozag_seed_capital, uniq_grinder
D:5:      minmay_opposing_rooms, lemuel_round_altar, minmay_crystal_room,
          feat_on_display
D:6:      okawaru_gym_becter, kennysheep_mini, minmay_temple_entry_glassed_door,
          serial_shops, shop
D:7:      lemuel_doored_altar, uniq_duvessa
D:8:      zin_scriptorium, lair_entry_dummy, serial_shops, shop,
          hangedman_pestilent_swarm
D:9:      minmay_overflow_temple_star_quad, vehumet_altar_wand_db, erik_orc_3,
          sword_in_stone
D:10:     uniq_sonja
D:11:     uniq_psyche
D:13:     basic_altar
D:14:     david_vaults_5, hangedman_glass_teeth, fungi_pond_lemuel
D:15:     hangedman_depths_entry_try_elsewhere_first, lab_entry_generic,
          nemelex_xobeh_ov_fountains_minmay, serial_shops, shop
Temple:   nicolae_temple_god_jail
Lair:1:   guppyfry_lair_drakes, infiniplex_staircase_pool
Lair:2:   dragon1_lemuel, portal_ice_cave_rime, minmay_lair_oklob_items
Lair:3:   shoals_dummy_entry, guppyfry_snake_entry_island
Lair:4:   special_room, small_statue_intersection, uniq_nessos
Lair:6:   grunt_lair_end_beastmaster, slime_altar_2, serial_bayou_shore_a
Snake:1:  lemuel_fruit_tree, minmay_shop_star
Snake:2:  basic_altar, uniq_vashnia
Snake:3:  uniq_bai_suzhen
Snake:4:  grunt_snake_rune_serpentine_throne, serial_bayou_lagoon_b, uniq_aizul
Orc:1:    serial_shops, shop_fountains, nicolae_orc_lava_room, uniq_josephine
Orc:2:    st_orc_town, nicolae_orc_crystal_geode, uniq_saint_roka
Lab:      labyrinth_watery
IceCv:    ice_cave_caverns_01

Skill      XL: |  1  2  3  4  5  6  7  8  9 10 11 12 13 14 15 16 17 |
---------------+----------------------------------------------------+-----
Short Blades   | 3 4 5 6 7 8 |  8.0
Shields        | 2 5 7 9 10 11 12 13 14 15 | 15.4
Dodging        | 3 5 6 7 8 9 10 11 | 11.5
Fighting       | 4 5 6 7 8 9 10 11 | 11.4
Stealth        | 7 9 10 11 12 13 14 | 14.1
Long Blades    | 3 5 7 8 10 11 12 13 | 13.2
Conjurations   | 2 4 |  4.9
Hexes          | 2 5 6 |  6.5
Translocations | 5 7 9 11 | 11.0
Spellcasting   | 3 |  3.5
Throwing       | |  2.0

Action                   |  1- 3 |  4- 6 |  7- 9 | 10-12 | 13-15 | 16-18 || total
-------------------------+-------+-------+-------+-------+-------+-------++-------
Melee: Dagger            |    84 |   100 |   158 |   164 |   120 |    35 ||   661
       Constrict         |    20 |    28 |    29 |    74 |   103 |    79 ||   333
       Tentacles         |    13 |    20 |    32 |    88 |   215 |   130 ||   498
       Kick              |       |       |       |   142 |   285 |   221 ||   648
       Demon blade       |       |       |       |   280 |   801 |   691 ||  1772
 Fire: Blowgun           |       |       |    12 |    22 |    40 |       ||    74
Throw: Throwing net      |       |       |       |     1 |       |     5 ||     6
 Cast: Dazzling Spray    |       |       |       |       |    17 |     3 ||    20
Invok: Sacrifice Essence |       |       |     1 |       |     1 |       ||     2
       Reject Sacrifices |       |       |       |     2 |       |       ||     2
       Sacrifice Health  |       |       |       |       |     1 |       ||     1
       Sacrifice Artific |       |       |       |       |     1 |       ||     1
       Apocalypse        |       |       |       |       |       |     4 ||     4
       Sacrifice Love    |       |       |       |       |       |     1 ||     1
Evoke: Wand              |       |       |       |     7 |    21 |       ||    28
       Phial of floods   |       |       |       |       |     2 |       ||     2
  Use: Scroll            |       |     2 |     6 |    20 |    25 |     5 ||    58
       Potion            |       |     1 |     2 |    17 |    18 |    10 ||    48
 Stab: Sleeping          |     6 |    11 |    23 |    25 |    51 |    28 ||   144
       Distracted        |       |       |       |     3 |     5 |    12 ||    20
       Held in net/web   |       |       |       |     2 |       |     6 ||     8
       Invisible         |       |       |       |       |     5 |     7 ||    12
       Paralysed         |       |       |       |       |       |     6 ||     6
  Eat: Chunk             |     1 |     5 |    17 |    11 |    33 |     6 ||    73
       Bread ration      |       |       |       |     4 |     3 |     5 ||    12
       Fruit             |       |       |       |       |       |     1 ||     1
Armor: Skin              |     6 |     1 |     3 |    35 |    34 |     4 ||    83
Dodge: Dodged            |    48 |    29 |    52 |   225 |   333 |   156 ||   843
       Deflected         |       |       |       |       |       |    16 ||    16
Block: Buckler           |       |       |    12 |    97 |       |       ||   109
       Shield            |       |       |       |    14 |   249 |       ||   263
       Large shield      |       |       |       |       |   310 |   465 ||   775
       Rpst.: Demon blade |       |       |       |    40 |    81 |    22 ||   143
